 Dungeon Crawl Stone Soup version 0.20-a0-466-gc52d0eb (webtiles) character file.

694 M4edhros the Covert (level 7, 0/43 HPs)
             Began as an Octopode Artificer on Jan 13, 2017.
             Slain by Duvessa
             ... wielding a +0 rapier
              (5 damage)
             ... on level 5 of the Dungeon.
             The game lasted 00:03:11 (2512 turns).

M4edhros the Covert (Octopode Artificer)            Turns: 2512, Time: 00:03:12

Health: 0/43       AC:  1    Str: 11    XL:     7   Next: 64%
Magic:  9/9        EV: 13    Int: 13    God:
Gold:   124        SH:  0    Dex: 15    Spells: 6/6 levels left

rFire  . . .     SeeInvis .     m - +0 dagger (speed)
rCold  . . .     Gourm    .     (no shield)
rNeg   . . .     Faith    .     (helmet restricted)
rPois  .         Spirit   .     (no amulet)
rElec  .         Reflect  .     (no ring)
rCorr  .         Harm     .     (no ring)
MR     .....                    (no ring)
Stlth  ++++++....               (no ring)
                                (no ring)
                                (no ring)
                                (no ring)
                                (no ring)

@: no status effects
A: almost no armour, stealthy swim, amphibious, 8 rings, constrict 8, camouflage
1, gelatinous body 1
a: no special abilities


You were on level 5 of the Dungeon.
You were not hungry.

You visited 1 branch of the dungeon, and saw 5 of its levels.

You collected 124 gold pieces.

Inventory:

Hand Weapons
 a - a +0 short sword
 m - a +0 dagger of speed (weapon)
 p - a +0 flail of protection
 v - a +3 quarterstaff of chaos
Missiles
 g - 103 stones (quivered)
Wands
 b - a wand of flame (13/48)
 c - a wand of enslavement (8/24)
 d - a wand of random effects (14/48)
 k - a wand of polymorph (14/24)
 q - a wand of iceblast (5/15)
 r - a wand of lightning (7/15)
Scrolls
 i - a scroll of fog {unknown}
 j - 2 scrolls of teleportation {unknown}
 n - a scroll of noise {unknown}
 t - 2 scrolls of identify {unknown}
Potions
 e - 2 potions of curing
 l - a potion of ambrosia {unknown}
 o - a potion of brilliance {unknown}
 s - a potion of agility {unknown}
 u - a potion of lignification {unknown}
 x - a potion of magic {unknown}
Comestibles
 f - 5 bread rations
 h - 4 fruits


   Skills:
 - Level 1.0 Fighting
 - Level 1.0 Short Blades
 - Level 2.0 Dodging
 + Level 11.4 Stealth
 - Level 3.2 Evocations


You had 6 spell levels left.
You didn't know any spells.

Dungeon Overview and Level Annotations

Branches:
Dungeon (5/15)
 Temple: D:4-7

Altars:
Ashenzari
Xom
The Shining One

Annotations:
D:5 Dowan, Duvessa


Innate Abilities, Weirdness & Mutations

You cannot wear most types of armour.
You are very stealthy in the water. (Stealth+)
You are amphibious.
You can wear up to eight rings at the same time.
You can use your tentacles to constrict eight enemies at once.
Your skin changes colour to match your surroundings (Stealth+).
Your rubbery body absorbs attacks. (AC +1, EV +1)


Message History

You constrict Duvessa. The bullfrog zombie misses you.
Dowan gestures at you while chanting. The puff of flame hits you!
* * * LOW HITPOINT WARNING * * *
Duvessa hits you with a rapier.
* * * LOW HITPOINT WARNING * * *
Unknown command.
It was a potion of curing.
You feel better.
You constrict Duvessa. The bullfrog zombie hits you.
* * * LOW HITPOINT WARNING * * *
Dowan misses you. Duvessa closely misses you.
All of the chunks of flesh in your inventory have rotted away.
You feel better.
You constrict Duvessa. The bullfrog zombie hits you.
Dowan casts a spell at you. The puff of frost hits you!
* * * LOW HITPOINT WARNING * * *
The bullfrog zombie hits you.
* * * LOW HITPOINT WARNING * * *
Duvessa hits you with a rapier.
You die...

. .._ ###########
....##### #....##....
......Z8### #.........[
.._...e@'.####.†.....###
......e8#...........##
....#####..<.#####.###
.._ ##..>...(....# .
###.........###
#.............
..####.#...### .#
#.#....## # #.##.#...


You could see Duvessa, Dowan and a bullfrog zombie.

Vanquished Creatures
  The ghost of M4edhros the Covert, a novice OpAr of Gozag (D:5)
  A howler monkey (D:5)
  A crimson imp (D:5)
  An orc priest (D:4)
  Crazy Yiuf (D:4)
  Jessica (D:2)
  4 orc wizards (D:4)
  A worker ant (D:5)
  4 adders
  A shadow imp (D:5)
  An ooze (D:1)
  An adder skeleton (D:4)
  A worm (D:2)
  A leopard gecko (D:2)
  13 orcs
  3 goblins
  A hobgoblin (D:3)
  7 jackals
  2 quokkas
  A ball python (D:1)
  A bat (D:2)
  4 frilled lizards
  3 kobolds
  4 rats
59 creatures vanquished.

Vanquished Creatures (collateral kills)
  An adder (D:2)
  An ooze (D:5)
  A worm (D:2)
  An orc (D:4)
  2 frilled lizards (D:2)
6 creatures vanquished.

Vanquished Creatures (others)
  An adder (D:2)
  A jackal (D:2)
2 creatures vanquished.

Grand Total: 67 creatures vanquished

Notes
Turn   | Place    | Note
-------+----------+-------------------------------------------
     0 | D:1      | M4edhros the Octopode Artificer began the quest for the Orb.
     0 | D:1      | Reached XP level 1. HP: 13/13 MP: 3/3
   219 | D:1      | Reached skill level 2 in Stealth
   243 | D:1      | Reached XP level 2. HP: 17/18 MP: 4/4
   265 | D:1      | Reached skill level 3 in Stealth
   489 | D:2      | Reached skill level 4 in Stealth
   655 | D:2      | Reached XP level 3. HP: 19/23 MP: 5/5
   684 | D:2      | HP: 1/23 [adder (3)]
  1047 | D:2      | Reached skill level 5 in Stealth
  1058 | D:2      | Noticed Jessica
  1064 | D:2      | Killed Jessica
  1064 | D:2      | Reached XP level 4. HP: 28/28 MP: 6/6
  1102 | D:3      | Reached skill level 6 in Stealth
  1373 | D:4      | Reached XP level 5. HP: 33/33 MP: 7/7
  1380 | D:4      | Reached skill level 7 in Stealth
  1452 | D:4      | Reached skill level 8 in Stealth
  1497 | D:4      | Reached XP level 6. HP: 28/38 MP: 8/8
  1623 | D:4      | Found a runed door.
  1831 | D:4      | Noticed Crazy Yiuf
  1916 | D:4      | Killed Crazy Yiuf
  1986 | D:5      | Entered Level 5 of the Dungeon
  2004 | D:5      | Reached skill level 9 in Stealth
  2241 | D:5      | Noticed M4edhros's ghost (novice OpAr)
  2248 | D:5      | Killed M4edhros's ghost
  2248 | D:5      | Reached skill level 11 in Stealth
  2248 | D:5      | Reached XP level 7. HP: 35/43 MP: 9/9
  2503 | D:5      | Found a shimmering altar of Xom.
  2503 | D:5      | Noticed Duvessa
  2503 | D:5      | Noticed Dowan
  2505 | D:5      | Found a shattered altar of Ashenzari.
  2505 | D:5      | Found a glowing golden altar of the Shining One.
  2512 | D:5      | Slain by Duvessa

Vault maps used:
D:1:      dpeg_arrival_simpleton_a
D:2:      grunt_ministairs_1, uniq_jessica
D:3:      uniq_terence
D:4:      uniq_crazy_yiuf_cottage
D:5:      doesnt_xom_only_xom, first_bread, uniq_duvessa, uniq_menkaure

Skill      XL: |  1  2  3  4  5  6 |
---------------+-------------------+-----
Stealth        | 2 4 5 6 8 11 | 11.4
Fighting       | |  1.0
Short Blades   | |  1.0
Dodging        | |  2.0
Evocations     | |  3.2

Action                   |  1- 3 |  4- 6 |  7- 9 || total
-------------------------+-------+-------+-------++-------
Melee: Short sword       |    53 |    28 |       ||    81
       Tentacles         |     9 |    13 |       ||    22
       Constrict         |    11 |    15 |     4 ||    30
       Dagger            |       |    35 |    21 ||    56
Evoke: Wand              |     4 |     4 |     3 ||    11
  Use: Scroll            |     2 |       |       ||     2
       Potion            |     1 |       |     2 ||     3
 Stab: Sleeping          |     8 |    13 |       ||    21
       Distracted        |       |     1 |       ||     1
  Eat: Chunk             |       |     4 |     1 ||     5
Armor: Skin              |     8 |     2 |     1 ||    11
Dodge: Dodged            |    48 |    19 |    11 ||    78
